 Dungeon Crawl Stone Soup version 0.16-a0-764-g7febf84 (webtiles) character file.

302 PolkaDot the Poker (level 6, -1/47 HPs)
             Began as a Merfolk Abyssal Knight on Sept 24, 2014.
             Was a Priest of Lugonu.
             Slain by a ball python (2 damage)
             ... on Level 4 of the Dungeon.
             The game lasted 00:15:46 (3926 turns).

PolkaDot the Poker (Merfolk Abyssal Knight)         Turns: 3926, Time: 00:15:46

HP  -1/47        AC  3     Str 12      XL: 6   Next: 37%
MP   5/20        EV 12     Int 12      God: Lugonu [***...]
Gold 141         SH  0     Dex 15      Spells:  0 memorised,  5 levels left

rFire  . . .     SeeInvis .     a - +1 spear
rCold  . . .     Clarity  .     b - +0 leather armour
rNeg   . . .     rCorr    .     (no shield)
rPois  .         rRot     .     (no helmet)
rElec  .         Spirit   .     (no cloak)
SustAb .         Warding  .     (no gloves)
rMut   .         Stasis   .     (no boots)
Gourm  .                        (no amulet)
MR     .....                    h - cursed ring of loudness
                                e - ring of magical power

@: lethally poisoned, not resistant to hostile enchantments, extremely
unstealthy
A: change form in water, swift swim
a: Depart the Abyss, Bend Space, Banish, Renounce Religion


You were on level 4 of the Dungeon.
You worshipped Lugonu.
Lugonu was most pleased with you.
You were hungry.

You visited 1 branch of the dungeon, and saw 4 of its levels.
You visited the Abyss 1 time.

You collected 141 gold pieces.

Inventory:

Hand weapons
 a - a +1 spear (weapon)
Armour
 b - a +0 leather armour (worn)
Magical devices
 r - a wand of slowing (9)
Comestibles
 c - 3 bread rations
 f - a beef jerky
 g - a royal jelly
Scrolls
 i - a scroll of blinking {unknown}
 j - a scroll of immolation
 l - 2 scrolls of remove curse
 m - a scroll of enchant armour {unknown}
 o - a scroll of amnesia {unknown}
 p - a scroll of fear {unknown}
 s - a scroll of fog
 u - 2 scrolls of random uselessness
Jewellery
 e - a ring of magical power (left hand)
 h - a cursed ring of loudness (right hand)
Potions
 d - a potion of porridge


   Skills:
 - Level 3.2 Fighting
 * Level 7.7 Polearms
 - Level 0.6 Armour
 - Level 2.6 Dodging
 + Level 4.5 Invocations


You had 5 spell levels left.
You didn't know any spells.

Dungeon Overview and Level Annotations

Branches:
Dungeon (4/15)
 Temple: D:4-7

Altars:

Annotations:
D:4 Prince Ribbit


Message History

As you read the scroll labeled TRAKUPLOMA, it crumbles to dust.
The scroll reassembles itself in your hands!
It is a scroll of random uselessness.
The ball python closely misses you. The ball python closely misses you.
Prince Ribbit misses you. The adder bites you.
* * * LOW HITPOINT WARNING * * *
You are poisoned.
The adder poisons you! The giant cockroach bites you.
* * * LOW HITPOINT WARNING * * *
The small abomination hits Prince Ribbit!
Drink which item? (? for menu, Esc to quit)
Okay, then.
You feel sick. Prince Ribbit completely misses you. The adder bites you.
* * * LOW HITPOINT WARNING * * *
The giant cockroach bites you but does no damage.
The small abomination closely misses Prince Ribbit.
Prince Ribbit blinks!
The ball python barely misses you. The ball python closely misses you.
The adder barely misses you. The ball python bites you.
You die...

........## #.....#
....#....####.###.#
.##......)....###.#########
>####....####.#...........#
........###.......#.#####.#
..........#XF.#.###.#
.####.#.......#.....#
.####.#.#..##x.3..#.#
......#.##......@##.##
........#...#4.Ss....#
.######....#..X(S..##.# .#
#.#####....#...# .######.#
..#..#.#..#
.....#...#.5.....#...#
####...[...#####..##..# .##
... .# ..#.


You could see Prince Ribbit, an adder, a giant cockroach, a ball python, a
neutral orange demon, 2 neutral large abominations, a neutral chaos spawn, a
neutral small abomination and a neutral iron imp.

Vanquished Creatures
  An orc priest (D:4)
  An orc wizard (D:4)
  A worker ant (D:4)
  12 adders
  3 gnolls (D:2)
  2 worms
  8 orcs
  6 bats
  5 giant cockroaches
  9 goblins
  6 hobgoblins
  7 jackals (D:2)
  8 kobolds
  3 giant newts
  8 rats
80 creatures vanquished.

Notes
Turn   | Place    | Note
--------------------------------------------------------------
     0 | Abyss:1  | PolkaDot, the Merfolk Abyssal Knight, began the quest for the Orb.
     0 | Abyss:1  | Reached XP level 1. HP: 18/18 MP: 1/1
    34 | D:1      | Escaped the Abyss
   220 | D:1      | Reached XP level 2. HP: 24/24 MP: 2/2
   631 | D:1      | Reached skill level 4 in Polearms
   792 | D:2      | Reached XP level 3. HP: 26/29 MP: 4/4
  1086 | D:2      | Reached skill level 5 in Polearms
  1138 | D:2      | Reached XP level 4. HP: 30/35 MP: 4/6
  1182 | D:2      | Acquired Lugonu's second power
  1860 | D:2      | Reached XP level 5. HP: 35/41 MP: 8/8
  1871 | D:2      | Reached skill level 6 in Polearms
  2482 | D:3      | Acquired Lugonu's third power
  3418 | D:4      | Reached skill level 7 in Polearms
  3440 | D:4      | Reached XP level 6. HP: 26/47 MP: 10/10
  3714 | D:4      | Acquired Lugonu's fourth power
  3915 | D:4      | Noticed Prince Ribbit
  3923 | D:4      | Corrupted D:4
  3923 | D:4      | Noticed an orange demon
  3923 | D:4      | Noticed a large abomination
  3923 | D:4      | Noticed a chaos spawn
  3923 | D:4      | Noticed a large abomination
  3923 | D:4      | Noticed a small abomination
  3925 | D:4      | HP: 1/47 [adder (2)]
  3926 | D:4      | Slain by a ball python

Action                   |  1- 3 |  4- 6 || total
-------------------------+-------+-------++-------
Melee: Spear             |    85 |   314 ||   399
Throw: Throwing net      |     1 |     6 ||     7
Invok: Corrupt           |       |     1 ||     1
Evoke: Wand              |       |     1 ||     1
  Use: Scroll            |     1 |     5 ||     6
       Potion            |       |     4 ||     4
 Stab: Held in net/web   |       |     1 ||     1
       Invisible         |       |    10 ||    10
       Sleeping          |       |     1 ||     1
  Eat: Chunk             |     1 |     9 ||    10
